 Dungeon Crawl Stone Soup version 0.23-a0-644-gb60d84b (webtiles) character file.

484 Borgoz the Covert (level 6, 0/30 HPs)
             Began as a Spriggan Assassin on Jan 2, 2019.
             Slain by a big kobold
             ... wielding a +1 dagger of draining
              (4 damage)
             ... on level 4 of the Dungeon.
             The game lasted 00:05:18 (3623 turns).

Borgoz the Covert (Spriggan Assassin)               Turns: 3623, Time: 00:05:19

Health: 0/30       AC:  3    Str:  7    XL:     6   Next: 88%
Magic:  7/7        EV: 18    Int: 12    God:
Gold:   123        SH:  0    Dex: 22    Spells: 5/5 levels left

rFire    . . .     SeeInvis +   a - +2 dagger
rCold    . . .     Gourm    .   (shield restricted)
rNeg     . . .     Faith    +   c - +0 robe
rPois    .         Spirit   .   (helmet restricted)
rElec    .         Reflect  .   d - +0 cloak
rCorr    .         Harm     .   (gloves unavailable)
MR       +....                  (boots unavailable)
Stlth    ++++++....             u - amulet of faith
HPRegen  0.10/turn              m - ring of stealth
MPRegen  0.10/turn              (no ring)

@: heavily drained, very quick
A: very small, unfitting armour, camouflage 1, see invisible, agile 1,
herbivore, speed 3, slow metabolism 2, MP-powered wands
a: no special abilities


You were on level 4 of the Dungeon.
You were hungry.

You visited 1 branch of the dungeon, and saw 4 of its levels.

You collected 123 gold pieces.

Inventory:

Hand Weapons
 a - a +2 dagger (weapon)
 b - a +0 blowgun
Missiles
 e - 22 poisoned needles
 f - 2 curare-tipped needles
Armour
 c - a +0 robe (worn)
 d - a +0 cloak (worn)
Jewellery
 m - a ring of stealth (left hand)
 u - an amulet of faith (around neck)
Scrolls
 i - 2 scrolls of identify {unknown}
 j - 3 scrolls of remove curse {unknown}
 k - a scroll of amnesia {unknown}
 p - a scroll of enchant weapon {unknown}
 s - 2 scrolls of teleportation {unknown}
 t - a scroll of immolation {unknown}
Potions
 h - a potion of resistance {unknown}
 l - a potion of mutation
 n - a potion of cancellation
 o - a potion of lignification {unknown}
 q - a potion of degeneration {unknown}
 r - a potion of might {unknown}
Comestibles
 g - 12 rations


   Skills:
 + Level 2.2(0.9) Fighting
 + Level 5.0(3.6) Short Blades
 + Level 2.2(0.9) Throwing
 + Level 3.4(2.1) Dodging
 + Level 9.7(8.2) Stealth


You had 5 spell levels left.
You didn't know any spells.
Your spell library was empty.

Dungeon Overview and Level Annotations

Branches:
Dungeon (4/15)
 Temple: D:4-7

Altars:
The Shining One

Shops:
D:4 (


Innate Abilities, Weirdness & Mutations

You are very small and have problems with some larger weapons.
You are too small for most types of armour.
You have supernaturally acute eyesight. (SInv)
You are a herbivore.
You cover ground extremely quickly.
You need to consume almost no food.
Your skin changes colour to match your surroundings (Stealth+).
You are agile. (Dex +2)
You expend magic power (3 MP) to strengthen your wands.


Message History

The big kobold is moderately wounded.
The big kobold hits you with a +1 dagger of draining.
* * * LOW HITPOINT WARNING * * *
You feel drained.
The kobold shoots a stone.
The stone misses you.
You see here 4 stones.
Okay, then.
It was a potion of mutation.
You feel extremely strange.
You feel agile.
You feel your magical essence link to your wands.
Your skin functions as natural camouflage.
You kill the kobold!
The kobold shoots a stone.
The stone misses you.
The big kobold looks more healthy.
The kobold shoots a stone.
The stone completely misses you.
You see here a stone.
It was a potion of cancellation.
You feel magically purged.
The kobold shoots a stone.
The stone misses you.
The big kobold hits you with a +1 dagger of draining.
You die...

#. ###.#.. ... .......
#.. ##.#.. #.# #...#.
#.######### #.....
#####......≈≈≈###...#.
#........≈≈≈≈≈≈≈≈≈####
#.###...≈≈≈≈≈≈≈≈######
#@K####≈≈≈###((().
##(.))#####...)(..
#.K))).((...#####
#......###...(.###
######## #######


You could see a big kobold and a kobold.

Vanquished Creatures
  Grinder (D:4)
  Edmund (D:4)
  A worker ant (D:4)
  Terence (D:2)
  2 adders (D:3)
  An ooze (D:3)
  An adder skeleton (D:4)
  4 worms (D:2)
  2 dart slugs
  2 leopard geckos
  13 goblins
  10 hobgoblins
  4 jackals (D:3)
  A ball python (D:3)
  7 bats
  3 frilled lizards
  15 kobolds
  12 rats
81 creatures vanquished.

Notes
Turn   | Place    | Note
-------+----------+-------------------------------------------
     0 | D:1      | Borgoz the Spriggan Assassin began the quest for the Orb.
     0 | D:1      | Reached XP level 1. HP: 10/10 MP: 2/2
    43 | D:1      | Reached skill level 6 in Stealth
   228 | D:1      | Reached XP level 2. HP: 14/14 MP: 3/3
  1122 | D:1      | Reached skill level 7 in Stealth
  1408 | D:1      | Reached XP level 3. HP: 18/18 MP: 4/4
  1764 | D:2      | Noticed Terence
  1795 | D:2      | Killed Terence
  1795 | D:2      | Reached XP level 4. HP: 10/22 MP: 5/5
  2644 | D:3      | Reached skill level 8 in Stealth
  3080 | D:3      | Found a glowing golden altar of the Shining One.
  3237 | D:4      | Reached XP level 5. HP: 26/26 MP: 6/6
  3266 | D:4      | Noticed Edmund
  3273 | D:4      | Killed Edmund
  3275 | D:4      | Found Nacur's Antique Weapon Shoppe.
  3275 | D:4      | Noticed Grinder
  3282 | D:4      | Killed Grinder
  3282 | D:4      | Reached skill level 9 in Stealth
  3282 | D:4      | Reached XP level 6. HP: 30/30 MP: 7/7
  3305 | D:4      | Reached skill level 5 in Short Blades
  3621 | D:4      | Gained mutation: You are agile. (Dex +2) [potion of
                  | mutation]
  3621 | D:4      | Gained mutation: You expend magic power (3 MP) to
                  | strengthen your wands. [potion of mutation]
  3621 | D:4      | Gained mutation: Your skin changes colour to match your
                  | surroundings (Stealth+). [potion of mutation]
  3623 | D:4      | Slain by a big kobold

Vault maps used:
D:1:      dpeg_arrival_prison
D:2:      first_ration, minmay_tetromino_l2, uniq_terence
D:3:      tso_altar
D:4:      cheibrodos_thug_alley, kennysheep_slug_shrine, serial_shops,
          nicolae_shop_crystal, nicolae_shop_window_shopping,
          nicolae_shop_statue_plus, uniq_edmund, uniq_grinder

Skill      XL: |  1  2  3  4  5  6 |
---------------+-------------------+-----
Stealth        | 6 7 8 9 |  9.7
Short Blades   | 3 4 5 |  5.0
Dodging        | 2 3 |  3.4
Fighting       | 2 |  2.2
Throwing       | |  2.2

Action                   |  1- 3 |  4- 6 || total
-------------------------+-------+-------++-------
Melee: Dagger            |   111 |   157 ||   268
 Fire: Blowgun           |     7 |     6 ||    13
  Use: Potion            |       |     4 ||     4
 Stab: Sleeping          |    16 |    17 ||    33
Armor: Robe              |     8 |    18 ||    26
Dodge: Dodged            |    61 |   129 ||   190

Table legend:
 A = Non-vault XP
 B = Vault XP
 C = Vault XP percentage of total XP
 D = Non-vault monster count
 E = Vault monster count
 F = Vault count percentage of total count
                 A         B        C        D         E       F
            +---------+---------+-------+---------+---------+-------
      Total |     194 |     498 |  72.0 |      68 |      13 |  16.0
            +---------+---------+-------+---------+---------+-------
        D:1 |      40 |       1 |   2.4 |      24 |       1 |   4.0
        D:2 |      43 |      39 |  47.6 |      17 |       3 |  15.0
        D:3 |      72 |       0 |   0.0 |      25 |       0 |   0.0
        D:4 |      39 |     458 |  92.2 |       2 |       9 |  81.8
            +---------+---------+-------+---------+---------+-------
